 Dungeon Crawl Stone Soup version 0.32-a0-841-g4648e6c457 (webtiles) character file.

Game seed: 14843890258693358908

562 Maxmaps the Changeling (level 7, -1/46 HPs)
             Began as an Octopode Shapeshifter on Mar 26, 2024.
             Slain by an orc warrior
             ... wielding a +0 flail
              (14 damage)
             ... on level 4 of the Dungeon.
             The game lasted 00:04:04 (3763 turns).

Maxmaps the Changeling (Octopode Shapeshifter)      Turns: 3763, Time: 00:04:04

Health: -1/46      AC:  1    Str: 14    XL:     7   Next: 31%
Magic:  7/7        EV: 12    Int: 14    God:
Gold:   247        SH:  0    Dex: 11    Spells: 6/6 levels left

rFire   . .          .
                       - Unarmed
rCold   . . .        (no shield)
rNeg    . . .        (helmet currently unavailable)
rPois   +            (no amulet)
rElec   .            j - ring of poison resistance
rCorr   .            (no ring)
SInv    .            (no ring)
Will    .....        (no ring)
Stlth   ++++         (no ring)
HPRegen 0.27/turn    (no ring)
MPRegen 0.10/turn    (no ring)
                     (no ring)

%: no passive effects
@: beast-form
A: beast (slay +3), almost no armour, amphibious, 8 rings, camouflage 1,
gelatinous body 1, (nimble swimmer 1), tentacles
a: Begin Untransformation


You were on level 4 of the Dungeon.
You were a hulking beast.
You visited 1 branch of the dungeon, and saw 4 of its levels.
You also visited: Sewer.

You collected 247 gold pieces.

Inventory:

Jewellery
 j - a ring of poison resistance (left tentacle)
Talismans
 b - a beast talisman (active)
 c - a flux talisman
Scrolls
 e - a scroll of teleportation
 h - a scroll of blinking
Potions
 a - a potion of ambrosia
 d - 3 potions of brilliance
 g - 4 potions of enlightenment
Miscellaneous
 i - a phial of floods


   Skills:
 - Level 3.3 Fighting
 - Level 2.0 Dodging
 - Level 5.3 Stealth
 - Level 3.0 Unarmed Combat
 + Level 5.9 Shapeshifting


You had 6 spell levels left.
You didn't know any spells.
Your spell library contained the following spells:

 Spells                   Type           Power      Damage    Failure   Level
 Fugue of the Fallen      Necr           0%         N/A       65%         3
 Ozocubu's Armour         Ice            0%         N/A       65%         3
 Manifold Assault         Tloc           0%         N/A       96%         4
 Lee's Rapid Deconstruct  Erth           0%         3d4*      100%        5
 Permafrost Eruption      Ice/Erth       0%         2x4d2     100%        6
 Fire Storm               Conj/Fire      0%         5d1       100%        9


Dungeon Overview and Level Annotations

Branches:
Dungeon (4/15)              Sewer (visited)
 Temple: D:4-7

Altars:
Ashenzari
Xom

Annotations:
D:4 2 runed translucent doors, Jigsaw's ghost, weakling KoDe


Innate Abilities, Weirdness & Mutations

You are a hulking beast.
Your limbs bulge with bestial killing power. (Slay +3)
You cannot wear most types of armour.
You are amphibious.
You can wear up to eight rings at the same time.
Your skin changes colour to match your surroundings (Stealth+).
Your rubbery body absorbs attacks. (AC +1, EV +1)
((You are camouflaged when in or above water. (Stealth+)))
You have tentacles for arms and can constrict up to eight enemies at once.


Message History

The adder poisons you! The adder bites you.
You tentacle-slap the adder. You grab the adder. Your squeeze misses the adder.
The adder is heavily wounded.
You constrict the adder.
You feel sick.
You lose your grip on the adder.
You tentacle-slap the orc warrior but do no damage.
You grab the orc warrior.
You squeeze the orc warrior, but do no damage.
You constrict the orc warrior, but do no damage.
You feel sick. The endoplasm hits you.
You tentacle-slap the adder.
You kill the adder!
You constrict the orc warrior.
You feel sick. The orc warrior closely misses you. The endoplasm freezes you.
You are frozen.
You completely miss the orc warrior. You squeeze the orc warrior!
The orc warrior is heavily wounded.
You constrict the orc warrior.
You feel sick. The endoplasm barely misses you.
The orc warrior closely misses you.
You tentacle-slap the orc warrior but do no damage.
The orc warrior is severely wounded.
You constrict the orc warrior.
You feel sick.
You are no longer poisoned.
The orc warrior hits you with a +0 flail!
The endoplasm freezes you.
You are frozen.
You tentacle-slap the orc warrior but do no damage.
You tentacle-slap the orc warrior, but do no damage.
You squeeze the orc warrior.
The orc warrior is severely wounded.
You constrict the orc warrior.
The orc warrior hits you with a +0 flail.
* * * LOW HITPOINT WARNING * * *
The endoplasm hits you but does no damage.
You tentacle-slap the orc warrior.
You squeeze the orc warrior, but do no damage.
The orc warrior is severely wounded.
You constrict the orc warrior.
The orc warrior hits you with a +0 flail!
You die...

.............##................#.
..)..........##................#.
...............................+.
...................# ####......#.
..###..#...........## #......#.
..##...#............###........'.
..##..##........#..............#.
......#........#...............#.
>.....#####...##h........#######.
..###.........#Jo†.......#...# #.
..###.#####..##........+##...# #.
....#.#####..##.........##...# #.
.............###:.....#.#....# #.
....[..##....####...##..#....###.
.......##.÷...## ####............
.......##......####..............
.##....##........................


You could see an orc warrior and an endoplasm.

Vanquished Creatures
  A phantom (D:4)
  2 bullfrogs (Sewer)
  A scorpion (D:4)
  A sleepcap (D:4)
  8 adders
  4 gnolls
  11 dart slugs
  5 orcs (D:3)
  13 ball pythons
  5 bats
  17 endoplasms
  15 giant cockroaches
  10 goblins
  5 hobgoblins
  6 jackals
  6 quokkas
  12 frilled lizards
  4 kobolds
  5 rats
131 creatures vanquished.

Vanquished Creatures (collateral kills)
  An endoplasm (D:3)
1 creature vanquished.

Grand Total: 132 creatures vanquished

Notes
Turn   | Place    | Note
-------+----------+-------------------------------------------
     0 | D:1      | Maxmaps the Octopode Shapeshifter began the quest for the
                  | Orb.
     0 | D:1      | Reached XP level 1. HP: 13/13 MP: 1/1
   239 | D:1      | Reached XP level 2. HP: 19/19 MP: 2/2
   463 | D:1      | Reached XP level 3. HP: 24/25 MP: 3/3
   955 | D:2      | Reached skill level 1 in Stealth
  1123 | D:2      | Reached XP level 4. HP: 24/31 MP: 4/4
  1157 | D:2      | Found a broken altar of Ashenzari.
  1159 | D:2      | Identified the +0 pair of gloves of Forking Paths {-Tele
                  | Str+3 Int+2 Dex+2}
  1925 | D:3      | Found a shimmering altar of Xom.
  1936 | D:3      | Reached XP level 5. HP: 30/36 MP: 5/5
  2152 | D:3      | Found a glowing drain.
  2166 | D:3      | Reached skill level 5 in Stealth
  2171 | Sewer    | Entered a sewer
  2503 | Sewer    | Reached XP level 6. HP: 30/42 MP: 6/6
  2522 | Sewer    | Got Wirik's Grimoire of the Inferno and Erosion
  3304 | D:4      | Reached skill level 5 in Shapeshifting
  3304 | D:4      | Reached XP level 7. HP: 35/46 MP: 7/7
  3456 | D:4      | Found a runed translucent door.
  3499 | D:4      | Noticed Jigsaw's ghost (weakling KoDe)
  3543 | D:4      | Found a runed translucent door.
  3763 | D:4      | Slain by an orc warrior

Illustrated notes

Levels and vault maps discovered:
D:1:      elethiomel_arrival_maze, layout_basic
D:2:      layout_loops_ring, basic_altar, minmay_puff
D:3:      layout_basic, xom_teletrap_fun, gup_sewer_entry_pipe
D:4:      layout_basic, minmay_temple_entry_from_below_a, ebering_ghost_sewer_f,
          minmay_misc_feat_square, minmay_manual_moon

Skill      XL: |  1  2  3  4  5  6 |
---------------+-------------------+-----
Fighting       | 2 3 |  3.3
Stealth        | 2 4 5 |  5.3
Shapeshifting  | 4 5 |  5.9
Dodging        | |  2.0
Unarmed Combat | |  3.0

Action                     |  1- 3 |  4- 6 |  7- 9 || total
---------------------------+-------+-------+-------++-------
  Melee: Unarmed           |    56 |   159 |    34 ||   249
         Constrict         |    13 |    46 |     5 ||    64
         Tentacles         |    11 |    32 |    10 ||    53
         Punch             |       |     4 |     1 ||     5
    Use: Potion            |     1 |     3 |       ||     4
         Scroll            |       |     8 |       ||     8
   Stab: Sleeping          |     6 |    26 |     2 ||    34
         Distracted        |       |     1 |       ||     1
 Armour: Skin              |    46 |    58 |    17 ||   121
  Dodge: Dodged            |    26 |    73 |    17 ||   116

Table legend: (Time is in decaauts)
 A = Elapsed time spent in this place.
 B = Non-inter-level travel time spent in this place.
 C = Inter-level travel time spent in this place.
 D = Time resting spent in this place.
 E = Time spent auto-exploring this place.
 F = Levels seen in this place.
 G = Mean time per level.
                   A        B        C        D        E       F      G
               +--------+--------+--------+--------+--------+-----+--------+
         Total |   3765 |   3607 |    158 |    228 |   2607 |   5 |  753.0 |
       Dungeon |   3403 |   3245 |    158 |    173 |   2488 |   4 |  850.8 |
         Sewer |    361 |    361 |      0 |     55 |    119 |   1 |  361.0 |
               +--------+--------+--------+--------+--------+-----+--------+

Top non-repeatable levels by time:
     D:3: 1080 daAuts
     D:2: 956 daAuts
     D:1: 899 daAuts
     D:4: 467 daAuts
   Sewer: 361 daAuts
